 Dungeon Crawl Stone Soup version 0.30-a0-1074-g5db6f66fbb (webtiles) character file.

Game seed: 6466605572819941598

3063 KristoblXynda the Carver (level 9, -11/80 HPs)
             Began as a Red Draconian Gladiator on Apr 14, 2023.
             Was an Initiate of Gozag.
             Mangled by a gargoyle
             ... wielding a +0 mace
              (15 damage)
             ... on level 7 of the Dungeon.
             The game lasted 00:07:49 (6940 turns).

KristoblXynda the Carver (Red Draconian Gladiator)  Turns: 6940, Time: 00:07:51

Health: -11/80     AC:  8    Str: 17    XL:     9   Next: 57%
Magic:  9/9        EV: 15    Int:  9    God:    Gozag
Gold:   761        SH:  0    Dex: 16    Spells: 8/8 levels left

rFire   + . .      SeeInvis .    u - +4 great sword
rCold   . . .      Faith    .    (shield currently unavailable)
rNeg    . . .      Spirit   .    (body armour unavailable)
rPois   .          Reflect  .    b - +0 hat
rElec   .          Rampage  .    (no cloak)
rCorr   .                        (no gloves)
Will    .....                    k - +0 pair of boots
Stlth   +                        (no amulet)
HPRegen 0.33/turn                (no ring)
MPRegen 0.11/turn                (no ring)

@: short of breath, unable to read
A: breathe fire, AC +7, unfitting armour, fire resistance 1, cold-blooded,
hooves 1, agile 1, dopey 1, inability to read after injury 1
a: Breathe Fire, Renounce Religion, Potion Petition, Call Merchant, Bribe Branch


You were on level 7 of the Dungeon.
You worshipped Gozag.
Gozag was pleased with you.
You visited 2 branches of the dungeon, and saw 8 of its levels.

You collected 810 gold pieces.
You paid 49 gold pieces to Gozag.

Inventory:

Hand Weapons
 u - a +4 great sword (weapon)
 v - a +0 scimitar
Missiles
 c - 4 throwing nets (quivered)
 d - a javelin
Armour
 b - a +0 hat (worn)
 g - a +0 buckler
 k - a +0 pair of boots (worn)
Wands
 s - a wand of roots (10)
Scrolls
 e - a scroll of poison
 f - 2 scrolls of enchant armour
 i - 3 scrolls of teleportation
 j - a scroll of blinking {unknown}
 n - a scroll of magic mapping
 p - a scroll of noise {unknown}
 q - 2 scrolls of amnesia {unknown}
 r - a scroll of summoning {unknown}
 t - a scroll of fog {unknown}
Potions
 a - a potion of attraction {unknown}
 h - 4 potions of curing
 l - 5 potions of cancellation
 m - 2 potions of resistance


   Skills:
 + Level 7.6 Fighting
 * Level 10.0 Long Blades
 - Level 2.1 Throwing
 + Level 6.7 Dodging


You had 8 spell levels left.
You didn't know any spells.
Your spell library contained the following spells:

 Spells                   Type           Power      Damage    Failure   Level
 Apportation              Tloc           0%         N/A       38%         1
 Magic Dart               Conj           0%         1d3       38%         1
 Call Imp                 Summ           0%         N/A       52%         2
 Ensorcelled Hibernation  Hex/Ice        0%         N/A       52%         2
 Lesser Beckoning         Tloc           0%         N/A       52%         2
 Passwall                 Tmut/Erth      0%         N/A       52%         2
 Scorch                   Fire           0%         2d5       52%         2
 Searing Ray              Conj           0%         2d4       52%         2
 Gell's Gravitas          Tloc           0%         N/A       77%         3
 Mephitic Cloud           Conj/Pois/Air  0%         N/A       77%         3
 Swiftness                Air            0%         N/A       77%         3
 Teleport Other           Tloc           0%         N/A       77%         3
 Volatile Blastmotes      Fire/Tloc      0%         2d10      77%         3
 Flame Wave               Conj/Fire      0%         2d4       99%         4
 Fulminant Prism          Conj/Hex       0%         3d5       99%         4
 Iskenderun's Mystic Bla  Conj/Tloc      0%         2d3       99%         4
 Alistair's Intoxication  Tmut/Pois      0%         N/A       100%        5
 Lee's Rapid Deconstruct  Erth           0%         3d4*      100%        5
 Summon Cactus Giant      Summ           0%         N/A       100%        6


Dungeon Overview and Level Annotations

Branches:
Dungeon (7/15)             Temple (1/1) D:4

Altars:
Ashenzari
Cheibriados
Dithmenos
Elyvilon
Fedhas
Gozag
Hepliaklqana
Kikubaaqudgha
Makhleb
Nemelex Xobeh
Qazlal
Ru
Sif Muna
Trog
Uskayaw
Vehumet
Xom
Yredelemnul
Zin

Annotations:
D:7 2 transporters, vampirul's ghost, novice DsBe


Innate Abilities, Weirdness & Mutations

You can breathe blasts of fire.
Your fiery red scales are hard. (AC +7)
You cannot fit into any form of body armour.
Your flesh is heat resistant. (rF+)
You are cold-blooded and may be slowed by cold attacks.
You have large cloven feet.
You are agile. (Dex +4, Str/Int -1)
You are dopey. (Int -2)
You occasionally lose the ability to read scrolls when taking damage.


Message History

Press: ? - help, Shift-Dir - straight line, f - gargoyle
Aim: a gargoyle, wielding a +0 mace (poison gas, 85% to hit)
Okay, then.
You hit the gargoyle but do no damage.
The vampire mosquito is no longer distracted by gold.
The gargoyle hits you with a +0 mace!
You feel threatened and lose the ability to read scrolls!
The centaur is distracted by your dazzling golden aura.
You barely miss the gargoyle. The gargoyle barely misses you.
You completely miss the gargoyle.
You hear a shout!
The centaur shouts!
You tail-slap the gargoyle, but do no damage.
The centaur is no longer distracted by gold.
The gargoyle barely misses you.
You hit the gargoyle.
The gargoyle is lightly damaged.
The gargoyle misses you. The gargoyle hits you with a +0 mace!
* * * LOW HITPOINT WARNING * * *
Unknown command.
You feel better. The gargoyle misses you.
You feel better.
The gargoyle hurls a stone arrow at you.
The stone arrow misses you.
Aiming: Breathe Fire (4% risk of failure)
Press: ? - help, Shift-Dir - straight line, f - gargoyle
Aim: a gargoyle, wielding a +0 mace (lightly damaged, 85% to hit)
You breathe a blast of fire.
The fiery breath hits the gargoyle.
The gargoyle is moderately damaged.
The gargoyle is engulfed in blazing flames.
The gargoyle hurls a stone arrow at you.
The stone arrow hits you!!
* * * LOW HITPOINT WARNING * * *
You hit the gargoyle.
Your tail-slap misses the gargoyle.
The gargoyle is heavily damaged.
An orc wizard appears from thin air!
Reactivating autopickup.
The gargoyle is engulfed in blazing flames.
The gargoyle hits you with a +0 mace!
You die...
Your body crumbles into a pile of gold.

#.#.####
#########'######.....
#.#....# #......°#..#
#....... ###.####.#
#.⌠...°.#..# #.......
[.#.#....# #.°°..°.#..#
#....... #.#.#.##.##
+.°.⌠..°).## #.......
#...#.#...###....⌠.°###
##......
#####.###.#.#.⌠...⌠.#
#####...... ......#
#.#.#....°..#
....+......
#########.#.####@####
##....... #####.....#.#
#9# #.......©
#.....))###.#


yoc #.###...##### #.....).....# ..°.. #......##8.??
#........####....°°.#####..#..... #........# °.......° #..#.##.. #../.....#
.°..$??..°. #..#.##.. #.......##....?)#?!.... #..#....© ####.....# #..#.##.. You
could see a vampire mosquito, a gargoyle, a centaur and an orc wizard.

Vanquished Creatures
  Joseph (D:7)
  Sigmund (D:2)
  A wyvern (D:7)
  2 yaks (D:7)
  A water moccasin (D:7)
  2 orc warriors (D:7)
  A black bear (D:4)
  3 ice beasts
  A sky beast (D:7)
  An ogre (D:5)
  A phantom (D:7)
  3 bullfrogs
  Blork the orc (D:5)
  2 scorpions
  5 wights (D:7)
  A killer bee (D:7)
  A jelly (D:7)
  An orc priest (D:7)
  5 hounds
  2 iguanas
  2 orc wizards (D:7)
  10 adders
  A shadow imp (D:7)
  4 white imps
  2 ufetubi
  A worm (D:2)
  5 dart slugs
  20 orcs
  A bat (D:2)
  3 endoplasms
  A giant cockroach (D:4)
  9 hobgoblins
  9 jackals
  2 quokkas (D:4)
  2 ball pythons
  2 frilled lizards
  5 goblins
  5 kobolds
  8 rats
128 creatures vanquished.

Notes
Turn   | Place    | Note
-------+----------+-------------------------------------------
     0 | D:1      | KristoblXynda the Draconian Gladiator began the quest for
                  | the Orb.
     0 | D:1      | Reached XP level 1. HP: 17/17 MP: 1/1
   203 | D:1      | Reached XP level 2. HP: 15/25 MP: 2/2
   856 | D:2      | Reached XP level 3. HP: 30/30 MP: 3/3
   884 | D:2      | Noticed Sigmund
   914 | D:2      | Gained mutation: You have large cloven feet. [potion of
                  | mutation]
   914 | D:2      | Gained mutation: You occasionally lose the ability to read
                  | scrolls when taking damage. [potion of mutation]
   914 | D:2      | Gained mutation: You are dopey. (Int -2) [potion of
                  | mutation]
   914 | D:2      | Gained mutation: You are agile. (Dex +4, Str/Int -1)
                  | [potion of mutation]
   927 | D:2      | Killed Sigmund
   928 | D:2      | Reached skill level 4 in Long Blades
   928 | D:2      | Reached XP level 4. HP: 4/39 MP: 4/4
   928 | D:2      | Reached XP level 5. HP: 5/45 MP: 5/5
  1966 | D:3      | Found a white marble altar of Elyvilon.
  2216 | D:3      | Found a shadowy altar of Dithmenos.
  2239 | D:3      | Reached skill level 5 in Long Blades
  2384 | D:3      | Found a faded altar of an unknown god.
  2591 | D:4      | Reached XP level 6. HP: 23/52 MP: 6/6
  2698 | D:4      | Found a staircase to the Ecumenical Temple.
  2715 | D:4      | Found a stormy altar of Qazlal.
  2719 | D:4      | Noticed a water elemental
  2719 | D:4      | Noticed a fire elemental
  2719 | D:4      | Noticed an air elemental
  3069 | D:4      | Found a shimmering blue altar of Sif Muna.
  3075 | D:4      | Found a burning altar of Makhleb.
  3080 | D:4      | Found a broken altar of Ashenzari.
  3330 | Temple   | Entered the Ecumenical Temple
  3546 | Temple   | Became a worshipper of Gozag Ym Sagoz the Greedy
  3593 | D:5      | Entered Level 5 of the Dungeon
  3679 | D:5      | Noticed Blork the orc
  3686 | D:5      | Killed Blork the orc
  3746 | D:5      | Reached skill level 6 in Long Blades
  3746 | D:5      | Your scales start taking on a fiery red colour.
  3746 | D:5      | Reached XP level 7. HP: 60/60 MP: 7/7
  3746 | D:5      | Gained mutation: Your flesh is heat resistant. (rF+) [Red
                  | Draconian growth]
  4168 | D:5      | Found a sparkling altar of Nemelex Xobeh.
  4384 | D:5      | Reached skill level 5 in Fighting
  5028 | D:6      | Reached skill level 7 in Long Blades
  5201 | D:6      | Found a basalt altar of Yredelemnul.
  5318 | D:7      | Reached skill level 5 in Dodging
  5318 | D:7      | Reached XP level 8. HP: 58/69 MP: 8/8
  5672 | D:7      | Reached skill level 8 in Long Blades
  6042 | D:7      | Found a transporter.
  6043 | D:7      | Found a transporter.
  6043 | D:7      | Noticed vampirul's ghost (novice DsBe)
  6289 | D:7      | Reached XP level 9. HP: 76/78 MP: 9/9
  6295 | D:7      | Reached skill level 9 in Long Blades
  6312 | D:7      | Found a hide-covered altar of Uskayaw.
  6360 | D:7      | Noticed Joseph
  6373 | D:7      | Killed Joseph
  6920 | D:7      | Noticed a gargoyle
  6933 | D:7      | Reached skill level 10 in Long Blades
  6939 | D:7      | HP: 4/80 [gargoyle/stone arrow (25)]
  6940 | D:7      | Mangled by a gargoyle

Illustrated notes

Levels and vault maps discovered:
D:1:      dpeg_arrival_arbitrary_c, layout_basic
D:2:      layout_loops_ring, ebering_dispersal_statue_hall,
          nicolae_concentric_dashed_squares_mild, uniq_sigmund
D:3:      layout_rooms, mainiacjoe_overflow_concentric_impassable,
          elyvilon_altar_4, shapermc_ecumenical_altar_ellora, minmay_bisected
D:4:      layout_cave_pools, nicolae_qazlal_style_of_elements,
          minmay_overflow_temple_star_quad, minmay_temple_entry_slanted
D:5:      layout_basic, mainiacjoe_overflow_surrounded_room, uniq_blork_the_orc
D:6:      layout_cave_pools, kennysheep_mini
D:7:      minmay_chambers_of_sevens, layout_basic, kennysheep_mini_moat,
          gammafunk_ghost_arena, uniq_joseph
Temple:   dpeg_chambers_temple

Skill      XL: |  1  2  3  4  5  6  7  8  9 |
---------------+----------------------------+-----
Throwing       | 2 |  2.1
Dodging        | 3 4 5 6 |  6.7
Fighting       | 3 4 5 6 7 |  7.6
Long Blades    | 4 5 6 7 8 10 | 10.0

Action                     |  1- 3 |  4- 6 |  7- 9 || total
---------------------------+-------+-------+-------++-------
  Melee: Long sword        |    87 |   163 |   197 ||   447
         Tailslap          |     7 |    26 |    39 ||    72
         Kick              |       |    11 |       ||    11
         Punch             |       |     2 |     6 ||     8
         Great sword       |       |       |    69 ||    69
Ability: Breathe Fire      |       |       |     3 ||     3
    Use: Potion            |     3 |       |     4 ||     7
         Scroll            |       |     6 |     5 ||    11
   Stab: Sleeping          |       |     3 |     1 ||     4
         Distracted        |       |       |     1 ||     1
 Armour: Skin              |    28 |    75 |    63 ||   166
  Dodge: Dodged            |    60 |   164 |   179 ||   403

Table legend: (Time is in decaauts)
 A = Elapsed time spent in this place.
 B = Non-inter-level travel time spent in this place.
 C = Inter-level travel time spent in this place.
 D = Time resting spent in this place.
 E = Time spent auto-exploring this place.
 F = Levels seen in this place.
 G = Mean time per level.
                   A        B        C        D        E       F      G
               +--------+--------+--------+--------+--------+-----+--------+
         Total |   6992 |   6822 |    170 |   1533 |   4115 |   8 |  874.0 |
       Dungeon |   6749 |   6605 |    144 |   1533 |   3928 |   7 |  964.1 |
        Temple |    243 |    217 |     26 |      0 |    187 |   1 |  243.0 |
               +--------+--------+--------+--------+--------+-----+--------+

Top non-repeatable levels by time:
     D:7: 1667 daAuts
     D:5: 1138 daAuts
     D:2: 883 daAuts
     D:1: 867 daAuts
     D:3: 814 daAuts
     D:4: 808 daAuts
     D:6: 568 daAuts
  Temple: 243 daAuts
